 Dungeon Crawl Stone Soup version 0.27-a0-460-g297a19dbdb (webtiles) character file.

Game seed: 4009141858234990424

555 Anon1729 the Skirmisher (level 7, -8/60 HPs)
             Began as a Ghoul Fighter on Feb 28, 2021.
             Mangled by an orc wizard
             ... wielding a +0 dagger of distortion
              (17 damage)
             ... on level 4 of the Dungeon.
             The game lasted 00:03:27 (3545 turns).

Anon1729 the Skirmisher (Ghoul Fighter)             Turns: 3545, Time: 00:03:28

Health: -8/60      AC: 11    Str: 21    XL:     7   Next: 30%
Magic:  6/6        EV:  5    Int:  4    God:
Gold:   167        SH:  9    Dex:  8    Spells: 6/6 levels left

rFire    . . .     SeeInvis .   a - +0 war axe
rCold    + . .     Faith    .   c - +0 kite shield
rNeg     + + +     Spirit   .   y - +0 chain mail
rPois    ∞         Reflect  .   t - +0 helmet
rElec    .         Harm     .   (no cloak)
rCorr    .         Rampage  .   (no gloves)
Will     .....                  f - +0 pair of boots
Stlth    ..........             (no amulet)
HPRegen  0.00/turn              (no ring)
MPRegen  0.10/turn              (no ring)

@: mighty
A: claws 1, cold resistance 1, negative energy resistance 3, inhibited
regeneration, torment resistance, unbreathing
a: no special abilities


You were on level 4 of the Dungeon.
You visited 1 branch of the dungeon, and saw 4 of its levels.

You collected 167 gold pieces.

Inventory:

Hand Weapons
 a - a +0 war axe (weapon)
Armour
 b - a +0 scale mail
 c - a +0 kite shield (worn)
 f - a +0 pair of boots (worn)
 t - a +0 helmet (worn)
 y - a +0 chain mail (worn)
Jewellery
 q - a +6 ring of strength
 v - a ring of willpower
 A - an amulet of regeneration
 C - a ring of see invisible
Scrolls
 e - a scroll of enchant armour {unknown}
 i - 3 scrolls of identify {unknown}
 k - a scroll of noise {unknown}
 m - a scroll of random uselessness {unknown}
 n - a scroll of enchant weapon {unknown}
 p - 2 scrolls of fog {unknown}
 s - a scroll of teleportation {unknown}
 u - a scroll of fear {unknown}
 x - a scroll of magic mapping {unknown}
 B - a scroll of blinking {unknown}
Potions
 d - 2 potions of might
 g - a potion of curing
 h - a potion of invisibility {unknown}
 j - 2 potions of lignification {unknown}
 l - 2 potions of magic {unknown}
 o - 2 potions of brilliance {unknown}
 r - a potion of cancellation {unknown}
 w - a potion of ambrosia {unknown}
 z - a potion of degeneration {unknown}


   Skills:
 + Level 4.9 Fighting
 * Level 4.6 Axes
 + Level 4.1 Armour
 + Level 4.1 Shields


You had 6 spell levels left.
You didn't know any spells.
Your spell library was empty.

Dungeon Overview and Level Annotations

Branches:
Dungeon (4/15)
 Temple: D:4-7

Altars:
Fedhas


Innate Abilities, Weirdness & Mutations

You thrive by killing the living.
You are immune to poison.
You have sharp fingernails.
Your flesh is cold resistant. (rC+)
You are immune to negative energy. (rN+++)
You do not regenerate when monsters are visible.
You are immune to unholy pain and torment.
You can survive without breathing.


Message History

The orc hits you but does no damage. x2; You block the adder's attack.
You block the orc priest's attack.
You hit the orc priest but do no damage.
You closely miss the orc. You barely miss the orc. You closely miss the adder.
You block the orc's attack. You block the adder's attack.
The orc hits you but does no damage.
The orc priest mumbles some strange prayers to Beogh against you.
Beogh smites you!
* * * LOW HITPOINT WARNING * * *
The orc hits you but does no damage. The adder barely misses you.
The orc hits you but does no damage.
Unknown command.
You feel better. The adder bites you but does no damage.
You block the orc's attack. The orc barely misses you.
You hit the adder but do no damage.
The adder is lightly wounded.
You hit the orc. The adder bites you but does no damage. The adder bites you.
* * * LOW HITPOINT WARNING * * *
The orc hits you with a +0 flail.
* * * LOW HITPOINT WARNING * * *
Unknown command.
Unknown command.
You feel better. The adder bites you but does no damage. The iguana bites you.
* * * LOW HITPOINT WARNING * * *
The adder barely misses you.
You feel very mighty all of a sudden. The orc barely misses you.
The adder bites you but does no damage.
The iguana bites you but does no damage.
Unknown command.
You hit the iguana.
The iguana is moderately wounded.
You completely miss the orc. You slash the adder!
You kill the adder!
You closely miss something.
The orc priest calls upon Beogh to heal the orc.
The orc's wounds heal themselves!
Something hits you.
* * * LOW HITPOINT WARNING * * *
Space warps horribly around you!
You die...

.# #.#...##....# .#
#...........# .#
###...######## .#
#........... .#
######........... .#
.................
.#######........o........
.......#......o..l.......
.......#########@o..)....
.......# ##########
.......# .^.....#
.......# .).....#
.......# .......#
.......#


You could see an iguana, an orc priest and 2 orcs.

Vanquished Creatures
  An ogre (D:4)
  A phantom (D:4)
  A hound (D:4)
  3 orc priests
  Jessica (D:2)
  Terence (D:2)
  An orc wizard (D:4)
  2 worker ants (D:4)
  Robin (D:2)
  5 adders
  2 worms
  2 dart slugs
  A leopard gecko (D:4)
  11 orcs
  2 ball pythons (D:1)
  6 giant cockroaches
  11 goblins
  9 hobgoblins
  9 jackals
  7 kobolds
  8 bats
  5 frilled lizards
  6 rats
96 creatures vanquished.

Notes
Turn   | Place    | Note
-------+----------+-------------------------------------------
     0 | D:1      | Anon1729 the Ghoul Fighter began the quest for the Orb.
     0 | D:1      | Reached XP level 1. HP: 19/19 MP: 0/0
   273 | D:1      | Reached XP level 2. HP: 26/26 MP: 1/1
   726 | D:1      | Reached XP level 3. HP: 31/31 MP: 2/2
  1174 | D:2      | Noticed Jessica
  1187 | D:2      | Killed Jessica
  1188 | D:2      | Reached XP level 4. HP: 39/40 MP: 3/3
  1198 | D:2      | Noticed Terence
  1205 | D:2      | Killed Terence
  1451 | D:2      | Noticed Robin
  1466 | D:2      | Killed Robin
  1467 | D:2      | Reached XP level 5. HP: 44/46 MP: 4/4
  2211 | D:3      | Reached XP level 6. HP: 43/52 MP: 5/5
  2341 | D:3      | Found a blossoming altar of Fedhas.
  3326 | D:4      | Reached XP level 7. HP: 47/60 MP: 6/6
  3539 | D:4      | HP: 1/60 [orc priest/divine providence (17)]
  3545 | D:4      | Mangled by an orc wizard

Illustrated notes

Levels and vault maps discovered:
D:1:      dpeg_chamrin_arrival_tetris, layout_basic, serial_rivers,
          chequers_serial_rivers_micro_b, chequers_serial_rivers_large_b,
          chequers_serial_rivers_micro_c, chequers_serial_rivers_room_a,
          chequers_serial_rivers_small_b
D:2:      layout_loops_cross, uniq_terence, uniq_robin, uniq_jessica
D:3:      layout_loops_ring, chequers_arboretum,
          amcnicky_mini_rare_corridor_liquid, fedhas_altar_1
D:4:      layout_basic, hangedman_decor_lopped

Skill      XL: |  1  2  3  4  5  6 |
---------------+-------------------+-----
Axes           | 2 3 4 |  4.6
Armour         | 3 4 |  4.1
Shields        | 3 4 |  4.1
Fighting       | 4 |  4.9

Action                   |  1- 3 |  4- 6 |  7- 9 || total
-------------------------+-------+-------+-------++-------
Melee: War axe           |   120 |   193 |    19 ||   332
  Use: Potion            |       |       |     4 ||     4
Armor: Scale mail        |    73 |   103 |       ||   176
       Chain mail        |       |     2 |    14 ||    16
Dodge: Dodged            |    39 |    57 |     8 ||   104
Block: Kite shield       |    80 |   114 |    14 ||   208

Table legend: (Time is in decaauts)
 A = Elapsed time spent in this place.
 B = Non-inter-level travel time spent in this place.
 C = Inter-level travel time spent in this place.
 D = Time resting spent in this place.
 E = Time spent auto-exploring this place.
 F = Levels seen in this place.
 G = Mean time per level.
                   A        B        C        D        E       F      G
               +--------+--------+--------+--------+--------+-----+--------+
         Total |   3789 |   3665 |    124 |     89 |   2787 |   4 |  947.2 |
       Dungeon |   3789 |   3665 |    124 |     89 |   2787 |   4 |  947.2 |
               +--------+--------+--------+--------+--------+-----+--------+

Top non-repeatable levels by time:
     D:1: 1166 daAuts
     D:3: 1097 daAuts
     D:2: 837 daAuts
     D:4: 687 daAuts
